Unix NetHack Version 5.0.0-0 post-release - last build May 23 2026 06:08:33 (1c0ff79ee797540d5714e4e18072db0edd9e58ae,branch:main).

Game began 2026-05-27 18:50:50, ended 2026-05-27 18:55:17.

GdeVolpiano, lawful female human Archeologist

                            -----    - ---
                           --.|.-- - ....|
                           |.....--......--
                   |   -----..............--
                   |.......@G<d............--
                   ------##---..............-
                          #  --..--- .........|
                          #    ...-  --- ........|
                          |    ....        ...%......
                               ....|          ........|
                                ...-             ........
                                ....               .........
                                -....                 .....-
                                 -%...                  ..--
                                  .*...                   |
                                  ------

GdeVolpiano the Field Worker  St:10 Dx:11 Co:15 In:18 Wi:15 Ch:8  Lawful
Dlvl:3  $:879 HP:0(30) Pw:17(17) AC:7  Xp:3 T:897 

Latest messages:
 You descend the stairs.
 Indy misses the gnome lord.
 The gnome lord hits!
 You hit the gnome.
 Indy misses the gnome lord.
 The gnome hits!
 The gnome lord hits!
 Indy bites the gnome lord.
 The gnome lord misses Indy.
 The gnome king picks up a gem.
 You climb up the stairs.
 You are in full health.
 You descend the stairs.
 The gnome lord just misses!
 You hit the gnome lord.
 You miss the gnome lord.
 Indy misses the gnome lord.
 You miss the gnome lord.
 Indy bites the gnome lord.
 The gnome lord misses Indy.
 The gnome lord hits!
 The gnome drinks a milky potion!
 The gnome seems more experienced.
 You kill the gnome lord!
 Welcome to experience level 2.
 Indy misses the gnome.
 You hit the gnome!
 Indy bites the gnome.
 The gnome misses Indy.
 Indy bites the gnome.
 The gnome is killed!
 You see here a gnome corpse.
 Indy eats a gnome corpse.
 You hear crashing rock.
 You hear crashing rock.
 You hit the gnome.
 You hit the gnome!
 You kill the gnome!
 Welcome to experience level 3.
 You see here an egg.
 t - an egg.
 The gnome king hits!
 You hit the gnome king!
 The gnome king hits!
 You hit the gnome king.
 The gnome king hits!
 You hit the gnome king.
 The gnome king hits!
 You die...
 Do you want your possessions identified? [ynq] (y)

Inventory:
 Coins    ('$')
  $ - 879 gold pieces
 Weapons  (')')
  a - a +2 bullwhip (alternate weapon; not wielded)
 Armor    ('[')
  c - an uncursed +0 fedora (being worn)
  m - an uncursed +0 studded leather armor (being worn)
 Comestibles  ('%')
  d - 3 uncursed food rations
  k - an uncursed fortune cookie
  o - an uncursed lembas wafer
  t - an uncursed egg
  l - an uncursed lichen corpse
 Scrolls  ('?')
  r - an uncursed scroll of enchant weapon
  p - a blessed scroll of light
 Potions  ('!')
  n - an uncursed potion of sleeping
 Wands    ('/')
  s - a wand of secret door detection (0:12)
 Tools    ('(')
  h - an empty uncursed sack
  i - an uncursed oil lamp
  q - a cursed oil lamp
  e - a +0 pick-axe (weapon in right hand)
  f - a tinning kit (0:65)
 Gems/Stones  ('*')
  g - an uncursed touchstone

GdeVolpiano the Archeologist's attributes:

Background:
 You were a Field Worker, a level 3 female human Archeologist.
 You were lawful, on a mission for Quetzalcoatl
 who was opposed by Camaxtli (neutral) and Huhetotl (chaotic).
 You were right-handed.
 You were in the Gnomish Mines, on level 3.
 You entered the dungeon 897 turns ago.
 You had 43 experience points, 37 more were needed to attain level 4.

Basics:
 You had 0 out of 30 hit points.
 You had all 17 energy points (spell power).
 Your armor class was 7.
 Your wallet contained 879 zorkmids.
 Autopickup was on for '$?!/="+' plus thrown, with exceptions.

Final Characteristics:
 Your strength was 10 (limit:18/100).
 Your dexterity was 11 (limit:18).
 Your constitution was 15 (limit:18).
 Your intelligence was 18 (limit:18).
 Your wisdom was 15 (limit:18).
 Your charisma was 8 (limit:18).

Final Status:
 You weren't hungry.
 You were unencumbered.
 You were wielding a pick-axe.
 You had basic skill with pick-axe.

Final Attributes:
 You were fervently aligned.
 You had automatic searching.
 You were warded.
 You were lucky.
 You are dead.

Miscellaneous:
 You didn't encounter any bones levels.
 Total elapsed playing time was 4 minutes and 26 seconds.

Major events:
 Turn
    1: GdeVolpiano the lawful female human Archeologist entered the dungeon
  775: entered the Gnomish Mines
  891: attained the rank of Field Worker (level 3)
  897: killed by a gnome king

You didn't know any spells.

Skills:
 Fighting Skills
   bare handed combat [Unskilled]
   two weapon combat  [Unskilled]
   riding             [Unskilled]
 Weapon Skills
   dagger             [Unskilled]
   knife              [Unskilled]
   pick-axe           [Basic]
   short sword        [Unskilled]
   saber              [Unskilled]
   club               [Unskilled]
   quarterstaff       [Unskilled]
   sling              [Unskilled]
   dart               [Unskilled]
   boomerang          [Unskilled]
   whip               [Basic]
   unicorn horn       [Unskilled]
 Spellcasting Skills
   attack spells      [Unskilled]
   healing spells     [Unskilled]
   divination spells  [Unskilled]
   matter spells      [Unskilled]

Voluntary challenges:
 Character rerolling was not enabled.
 You never genocided any monsters.
 You never polymorphed an object.
 You never changed form.
 You used no wishes.
Achievements:
 You entered the Gnomish Mines.
 You attained the rank of Field Worker.

 The Dungeons of Doom: levels 1 to 2
    Level 1:
       A grave.
    Level 2:
       Stairs down to The Gnomish Mines.
 The Gnomish Mines:
    Level 3: <- You were here.
       Final resting place for
          you, killed by a gnome king.


Vanquished creatures:
  a gnome leader
  2 gnomes
  3 jackals
  a fox
  a goblin
  a sewer rat
  2 grid bugs
  a lichen
  a kobold zombie
  5 newts
18 creatures vanquished.

No species were genocided or became extinct.

Game over:
                       ----------
                      /          \
                     /    REST    \
                    /      IN      \
                   /     PEACE      \
                  /                  \
                  |   GdeVolpiano    |
                  |      879 Au      |
                  |   killed by a    |
                  |    gnome king    |
                  |                  |
                  |                  |
                  |       2026       |
                 *|     *  *  *      | *
        _________)/\\_//(\/(/\)/\//\/|_)_______

Goodbye GdeVolpiano the Archeologist...

You died in The Gnomish Mines on dungeon level 3 with 1074 points,
and 879 pieces of gold, after 897 moves.
You were level 3 with a maximum of 30 hit points when you died.

